Map: Ephemeron LE

Players

Scarlett

  • Race: Zerg Zerg
  • Spawn Location: 5:00

INnoVation - Winner!

  • Race: Terran Terran
  • Spawn Location: 11:00

Event: NationWars 2019

VOD

Have the link to the VOD?

Description

Time

  • Played on: Dec. 1, 2019, 12:47 p.m.
  • Length: 19:08
Show
View Real Time Build Order
Export as new Build Order

Scarlett Zerg 

Build Orders: Hatch First, Brood Lord Corruptor, Swarm Host 

Get SALT Encoding   

  12  0:01  Drone  
  13  0:13  Overlord  
  13  0:17  Drone  
  14  0:31  Drone x2  
  16  0:48  Hatchery  
  15  0:51  Drone  
  15  0:55  Drone  
  17  0:59  Drone  
  18  1:09  Extractor  
  17  1:13  Spawning Pool  
  17  1:17  Drone  
  17  1:20  Drone  
  18  1:28  Drone  
  19  1:39  Drone  
  20  1:50  Drone  
  21  2:00  Queen x2  
  25  2:02  Zergling x4  
  27  2:11  Overlord  
  27  2:12  Drone  
  28  2:23  Hatchery  
  27  2:31  Drone x2  
  27  2:33  Metabolic Boost  
  29  2:40  Drone x2  
  31  2:51  Queen  
  31  2:57  Drone x3  
  36  3:04  Overlord  
  35  3:09  Overlord  
  35  3:13  Drone  
  36  3:22  Queen  
  36  3:26  Drone x3  
  41  3:28  Drone  
  41  3:31  Queen  
  44  3:35  Drone  
  44  3:37  Drone x3  
  44  3:38  Drone  
  49  3:41  Queen  
  49  3:43  Drone  
  49  3:46  Overlord  
  49  3:48  Zergling x2  
  53  3:49  Zergling x2  
  54  3:57  Overlord  
  54  3:58  Queen  
  56  4:06  Zergling x8  
  56  4:09  Drone x3  
  63  4:15  Drone x3  
  66  4:19  Drone  
  66  4:23  Lair, Drone  
  68  4:24  Extractor  
  68  4:25  Baneling Nest  
  68  4:27  Drone  
  68  4:31  Drone x4  
  68  4:34  Drone  
  72  4:39  Drone x2  
  72  4:43  Overlord  
  74  4:47  Extractor, Overlord  
  74  4:48  Overlord  
  74  4:51  Overlord  
  74  4:52  Drone  
  74  4:56  Spore Crawler, Queen  
  74  4:57  Spore Crawler x2  
  73  5:00  Drone, Overlord  
  74  5:07  Drone  
  74  5:08  Drone x4  
  74  5:12  Drone x3  
  82  5:15  Overlord  
  82  5:16  Drone x3  
  82  5:21  Extractor  
  84  5:24  Evolution Chamber  
  84  5:25  Drone x2  
  84  5:26  Evolution Chamber  
  84  5:27  Centrifical Hooks  
  84  5:31  Drone x3  
  87  5:36  Drone  
  87  5:38  Extractor  
  87  5:40  Extractor  
  87  5:42  Drone x6  
  92  5:47  Zergling x6  
  95  5:50  Baneling  
  95  5:51  Baneling x3  
  94  6:03  Zergling x8  
  97  6:07  Drone x4  
  97  6:08  Overseer, Drone x4  
  103  6:17  Spire  
  103  6:18  Overlord  
  102  6:20  Zergling x10  
  102  6:22  Baneling x3  
  107  6:34  Zerg Missile Weapons Level 1  
  107  6:35  Roach Warren, Zerg Melee Weapons Level 1  
  107  6:36  Hatchery  
  107  6:39  Infestation Pit  
  104  6:41  Drone x2  
  104  6:42  Drone  
  104  6:44  Queen x2  
  111  6:50  Drone x3  
  114  6:58  Overlord x4  
  114  6:59  Overlord  
  114  7:02  Spore Crawler  
  113  7:14  Spore Crawler  
  112  7:16  Infestor x2  
  116  7:23  Nydus Network  
  115  7:33  Swarm Host  
  115  7:34  Swarm Host x6  
  136  7:40  Zerg Flyer Weapons Level 1  
  136  7:42  Overlord  
  136  7:43  Overlord x3  
  132  7:48  Swarm Host x2  
  134  8:00  Swarm Host x3  
  134  8:03  Drone  
  134  8:04  Drone x10  
  154  8:08  Extractor  
  154  8:09  Extractor  
  154  8:11  Hive  
  152  8:19  Spore Crawler  
  151  8:20  Hatchery  
  151  8:21  Nydus Canal  
  151  8:24  Glial Reconstitution  
  151  8:27  Roach x4, Overlord  
  158  8:28  Overlord  
  158  8:33  Overlord  
  149  8:45  Zergling x12, Roach x4  
  149  8:46  Nydus Canal  
  158  8:50  Zerg Melee Weapons Level 2  
  158  8:53  Zerg Missile Weapons Level 2  
  158  9:05  Ravager  
  158  9:06  Ravager x2  
  158  9:09  Spore Crawler  
  157  9:17  Nydus Canal  
  157  9:20  Corruptor x2  
  160  9:32  Corruptor x3  
  159  9:46  Corruptor x3  
  149  10:00  Roach x11  
  149  10:04  Corruptor  
  149  10:06  Zergling x10  
  176  10:13  Roach x5  
  169  10:15  Roach x3  
  169  10:20  Queen  
  154  10:23  Greater Spire  
  154  10:26  Zergling x10, Roach x2  
  156  10:38  Nydus Canal, Extractor  
  156  10:42  Extractor  
  151  10:55  Queen  
  149  11:00  Roach  
  149  11:01  Roach x16  
  181  11:13  Ravager  
  181  11:15  Ravager x3  
  176  11:34  Drone x4, Nydus Canal  
  176  11:35  Drone x2  
  150  11:51  Drone x7  
  149  11:56  Nydus Canal  
  149  12:02  Zerg Flyer Weapons Level 2  
  149  12:05  Drone x2  
  151  12:10  Zerg Melee Weapons Level 3, Zerg Missile Weapons Level 3  
  151  12:12  Nydus Canal  
  151  12:17  Hatchery  
  151  12:18  Ravager x6  
  151  12:19  Drone x3  
  151  12:22  Spine Crawler  
  158  12:23  Zergling x18  
  158  12:27  Nydus Canal  
  167  12:33  Queen  
  167  12:35  Roach  
  167  12:36  Roach x5  
  178  12:39  Ravager x2  
  178  12:41  Drone x2  
  181  12:48  Nydus Canal  
  177  12:57  Drone x5  
  172  13:01  Spine Crawler  
  171  13:13  Extractor  
  171  13:15  Viper  
  171  13:18  Infestor  
  175  13:27  Hatchery, Pneumatized Carapace  
  175  13:31  Brood Lord x4  
  167  13:42  Roach x6  
  167  13:43  Roach x4  
  167  13:48  Brood Lord  
  174  13:50  Roach x4  
  182  13:59  Brood Lord  
  184  14:05  Nydus Canal  
  184  14:07  Roach x6  
  196  14:16  Corruptor x2  
  200  14:22  Spine Crawler  
  199  14:31  Nydus Canal  
  183  14:40  Corruptor x4  
  185  14:50  Roach x5  
  181  14:56  Roach x3  
  175  15:05  Zerg Flyer Weapons Level 3  
  175  15:11  Zerg Ground Armor Level 1  
  175  15:17  Corruptor x2  
  175  15:19  Corruptor  
  181  15:22  Drone x3  
  181  15:25  Drone x2  
  130  15:51  Drone x3  
  130  15:52  Roach x10  
  141  16:14  Viper  
  141  16:16  Drone x10  
  141  16:18  Extractor  
  153  16:30  Ravager x8  
  161  16:33  Drone, Spine Crawler  
  161  16:34  Queen x3  
  161  16:38  Corruptor, Infestor x2  
  173  16:43  Ravager x2, Corruptor  
  177  16:49  Roach x3  
  177  16:51  Nydus Canal  
  183  16:58  Roach x4  
  183  16:59  Roach, Extractor  
  189  17:05  Corruptor x2  
  183  17:23  Roach x10  
  194  17:41  Roach  
  194  17:42  Roach x3  
  190  18:11  Corruptor x2  
  190  18:14  Nydus Canal  
  178  18:21  Roach x7  
  178  18:23  Ravager x10  
  196  18:27  Roach x2  
  196  18:39  Roach x6  
  158  18:42  Roach  
  158  18:43  Roach x4  
Show
View Real Time Build Order
Export as new Build Order

INnoVation Terran - Winner!

Build Orders: Reaper Expand, Mech 

Get SALT Encoding   

  12  0:00  SCV  
  13  0:13  SCV  
  14  0:17  Supply Depot  
  14  0:25  SCV  
  15  0:38  SCV  
  15  0:40  Barracks  
  16  0:43  Refinery  
  16  0:50  SCV  
  17  1:03  SCV  
  18  1:15  SCV  
  19  1:27  Orbital Command, Reaper  
  20  1:40  Command Center  
  20  1:51  Supply Depot  
  20  1:53  SCV  
  21  1:59  Marine  
  22  2:05  SCV  
  23  2:08  Factory  
  23  2:17  SCV  
  24  2:27  Barracks Reactor  
  24  2:29  SCV  
  25  2:40  Command Center  
  25  2:41  SCV  
  26  2:54  SCV  
  26  2:55  Orbital Command  
  27  3:02  Starport  
  27  3:07  Refinery  
  27  3:08  SCV  
  28  3:17  Hellion  
  28  3:18  Hellion  
  32  3:20  SCV  
  32  3:22  SCV  
  34  3:32  SCV  
  34  3:34  SCV  
  36  3:41  Hellion x2  
  36  3:43  Fusion Core  
  36  3:44  SCV  
  36  3:46  SCV  
  42  3:51  Orbital Command  
  42  3:56  SCV, Starport Tech Lab  
  42  3:58  SCV, Refinery  
  42  4:01  Refinery  
  44  4:08  Hellion x2  
  48  4:10  SCV  
  48  4:11  SCV  
  50  4:18  Orbital Command  
  50  4:23  SCV x2  
  50  4:24  Supply Depot  
  56  4:34  Battlecruiser  
  56  4:35  SCV x2  
  60  4:43  Supply Depot  
  60  4:44  SCV  
  61  4:47  SCV x2, Supply Depot  
  63  4:58  SCV, Factory  
  63  4:59  SCV x2  
  66  5:00  Factory  
  66  5:06  Hellion x2  
  70  5:10  SCV  
  70  5:11  SCV x2, Supply Depot  
  73  5:14  Refinery  
  73  5:16  Refinery  
  73  5:23  SCV x2  
  73  5:24  SCV  
  76  5:33  Supply Depot  
  76  5:38  SCV x3  
  76  5:39  Battlecruiser  
  76  5:40  Weapon Refit  
  85  5:47  Factory Tech Lab x2  
  85  5:53  SCV x3  
  88  6:01  Hellion x2  
  92  6:07  SCV x3  
  92  6:10  Cyclone x2  
  101  6:14  Supply Depot x2  
  101  6:17  Supply Depot  
  101  6:24  Armory x2  
  101  6:33  Barracks Reactor  
  101  6:34  Factory  
  101  6:35  Factory  
  101  6:36  SCV x3  
  101  6:39  Supply Depot  
  104  6:41  Supply Depot  
  104  6:48  SCV x3  
  104  6:50  Battlecruiser  
  113  7:00  SCV x3  
  116  7:03  Hellion x2  
  116  7:04  Infernal Pre-Igniter  
  120  7:12  Siege Tank x2  
  120  7:14  Terran Vehicle Weapons Level 1  
  126  7:19  Supply Depot  
  126  7:20  Engineering Bay, Supply Depot, Factory Tech Lab  
  126  7:24  Terran Vehicle And Ship Armor Level 1  
  126  7:29  Hellion x3  
  134  7:30  Hellion  
  134  7:40  Supply Depot  
  134  7:44  Siege Tank x2  
  134  7:45  Command Center  
  140  7:56  Siege Tank  
  143  8:02  Hellion x4  
  151  8:06  Supply Depot  
  151  8:07  Starport Reactor  
  151  8:08  Supply Depot  
  151  8:16  Siege Tank  
  154  8:21  Siege Tank  
  154  8:25  Hellion x4  
  165  8:28  Siege Tank  
  165  8:30  Supply Depot  
  165  8:31  Supply Depot  
  165  8:33  Supply Depot  
  168  8:35  SCV  
  168  8:36  SCV x2  
  152  8:48  Siege Tank  
  152  8:53  Siege Tank  
  152  8:54  Hellion  
  152  8:55  Hellion x3  
  163  9:00  Siege Tank  
  163  9:02  SCV x3  
  163  9:09  Terran Vehicle Weapons Level 2  
  152  9:14  SCV x2  
  155  9:17  SCV  
  155  9:20  Siege Tank  
  158  9:26  SCV x2, Planetary Fortress  
  158  9:31  SCV  
  161  9:38  SCV  
  161  9:39  SCV  
  161  9:41  Siege Tank x2  
  169  9:47  SCV  
  169  9:50  SCV  
  169  9:51  SCV, Hellion x3  
  169  9:52  Siege Tank, Hellion  
  183  9:59  SCV  
  169  10:03  SCV x2  
  160  10:10  SCV  
  160  10:11  SCV  
  160  10:13  Siege Tank x2  
  151  10:15  SCV  
  151  10:19  SCV, Factory  
  151  10:20  Refinery  
  151  10:21  Factory x2, Refinery  
  153  10:22  SCV  
  153  10:23  SCV  
  153  10:24  Siege Tank  
  153  10:27  SCV  
  159  10:34  SCV x2  
  157  10:41  Hellion x4  
  157  10:42  SCV x2  
  161  10:45  Thor  
  161  10:46  SCV x2  
  167  10:54  Siege Tank  
  167  10:57  Siege Tank  
  162  11:01  Command Center  
  162  11:02  Hellion x3  
  162  11:03  Hellion  
  170  11:05  Factory Tech Lab x2  
  170  11:08  Factory Reactor  
  170  11:14  Siege Tank  
  173  11:24  Hellion x3  
  177  11:26  Siege Tank  
  177  11:28  Siege Tank  
  177  11:29  Siege Tank  
  170  11:40  Siege Tank  
  170  11:43  Hellion  
  170  11:45  Hellion x3  
  170  11:46  Siege Tank  
  156  11:50  Hellion  
  156  11:51  SCV x3, Hellion x2  
  140  11:54  Hellion  
  140  11:55  Hellion  
  140  11:58  Siege Tank  
  140  11:59  Smart Servos  
  140  12:00  Siege Tank  
  140  12:01  Siege Tank  
  149  12:02  SCV  
  149  12:03  SCV x3  
  149  12:05  Hellion  
  149  12:06  Hellion x2  
  149  12:07  Hellion  
  159  12:12  Siege Tank  
  159  12:13  Sensor Tower  
  159  12:14  SCV  
  163  12:16  Hellion x2  
  163  12:18  Siege Tank  
  163  12:20  Planetary Fortress  
  163  12:21  SCV x3  
  163  12:22  Refinery  
  173  12:23  Refinery  
  173  12:26  SCV  
  173  12:29  Hellion  
  178  12:30  Hellion  
  178  12:35  Siege Tank  
  178  12:36  Hellion x2  
  186  12:37  Siege Tank  
  186  12:44  Siege Tank  
  185  12:51  Hellion x2  
  185  12:52  Hellion x2  
  187  12:58  Terran Vehicle And Ship Armor Level 2  
  187  13:05  Command Center  
  183  13:07  Command Center  
  183  13:10  SCV x2  
  183  13:11  SCV x2, Siege Tank x4  
  195  13:16  Siege Tank  
  195  13:19  Armory  
  198  13:20  Hellion  
  197  13:41  Hellion x5  
  189  13:43  Siege Tank x3  
  199  14:08  Starport  
  199  14:09  Starport  
  195  14:10  Fusion Core  
  195  14:16  Thor x2  
  191  14:25  Thor  
  191  14:26  Viking x2  
  191  14:34  Thor x2  
  200  14:44  Hellion  
  200  14:45  Hellion x5  
  180  14:58  Viking  
  180  14:59  Thor, Viking x3  
  187  15:00  Hellion  
  187  15:06  Hellion x3  
  191  15:07  Thor  
  197  15:25  Command Center  
  197  15:29  Sensor Tower  
  197  15:33  Thor  
  197  15:35  Starport Reactor x2  
  183  15:36  Thor  
  161  15:47  Thor  
  161  15:48  Hellion x2  
  144  15:57  Siege Tank  
  144  16:02  Siege Tank  
  144  16:04  Orbital Command, Hellion x4  
  152  16:06  Planetary Fortress  
  152  16:10  Hellion  
  154  16:16  Siege Tank, Hellion  
  159  16:20  Hellion  
  159  16:25  Hellion x2  
  161  16:27  Hellion  
  161  16:29  Thor  
  161  16:30  Thor, Hellion  
  177  16:34  Siege Tank, Hellion  
  177  16:37  Hellion  
  177  16:38  Refinery  
  184  16:41  Thor  
  184  16:46  Widow Mine  
  194  16:47  Widow Mine  
  194  16:48  Siege Tank  
  197  16:54  Hellion  
  196  17:06  Siege Tank  
  197  17:09  Hellbat  
  197  17:12  Siege Tank  
  198  17:20  Siege Tank  
  198  17:21  Hellion x4  
  198  17:22  Hellion x2  
  193  17:23  Thor  
  191  17:33  SCV x2  
  191  17:34  SCV, Hellion x2  
  192  17:38  Thor  
  192  17:42  Hellion  
  192  17:43  Siege Tank, Hellion x2  
  199  17:45  SCV  
  196  18:04  Thor  
  198  18:07  Siege Tank, Hellion  
  198  18:13  Planetary Fortress  
  198  18:16  Hellion x2  
  200  18:26  Refinery  
  196  18:28  Refinery  
  196  18:43  Hellion x6  
Tags
 
Add a new tag
Caveats
  • Supply blocks, unpowered buildings, or Contaminate may cause inaccurate times.
  • Supply counts are checked every 10 seconds.